 Dungeon Crawl Stone Soup version 0.32-a0-791-gfc315c9ecd (webtiles) character file.

Game seed: 103995675541089146

55 ezpacito the Trooper (level 3, -4/29 HPs)
             Began as a Coglin Chaos Knight on Mar 20, 2024.
             Was a Plaything of Xom.
             Slain by a gnoll
             ... wielding a +0 halberd
              (6 damage)
             ... on level 2 of the Dungeon.
             The game lasted 00:01:32 (1047 turns).

ezpacito the Trooper (Coglin Chaos Knight)          Turns: 1047, Time: 00:01:33

Health: -4/29      AC:  5    Str: 14    XL:     3   Next: 93%
Magic:  3/3        EV: 10    Int: 11    God:    Xom [...*..]
Gold:   49         SH:  0    Dex: 13    Spells: 2/2 levels left

rFire   . . .        a - +0 hand axe (chaos) {Daeho}
rCold   . . .        d - +0 dagger {Yongsun}
rNeg    . . .        b - +2 leather armour
rPois   .            (no helmet)
rElec   .            (no cloak)
rCorr   .            (no gloves)
SInv    .            (no boots)
Will    .....        (amulet unavailable)
Stlth   +            (ring unavailable)
HPRegen 0.24/turn    (ring unavailable)
MPRegen 0.08/turn    (no gizmo)

%: no passive effects
@: no status effects
A: off-hand wielding, slow wielding, warmup strikes, no jewellery
a: Invent Gizmo, Renounce Religion


You were on level 2 of the Dungeon.
You worshipped Xom.
You were a favourite toy of Xom.
You visited 1 branch of the dungeon, and saw 2 of its levels.

You collected 49 gold pieces.

Inventory:

Hand Weapons
 a - a +0 hand axe of chaos (weapon) {Daeho}
 d - a +0 dagger (offhand) {Yongsun}
Armour
 b - a +2 leather armour (worn)
 g - a +0 pair of boots
Scrolls
 e - 2 scrolls of identify {unknown}
 h - a scroll of noise {unknown}
 i - a scroll of poison {unknown}
 j - a scroll of fear {unknown}
 k - a scroll of teleportation {unknown}


   Skills:
 * Level 3.4 Fighting
 * Level 3.2(3.3) Axes
 + Level 0.7(2.0) Polearms
 * Level 2.3 Armour
 * Level 1.5 Dodging
 + Level 0.3 Stealth
 + Level 0.3 Spellcasting


You had 2 spell levels left.
You didn't know any spells.
Your spell library contained the following spells:

 Spells                   Type           Power      Damage    Failure   Level
 Ensorcelled Hibernation  Hex/Ice        0%         N/A       54%         2
 Fugue of the Fallen      Necr           0%         N/A       78%         3
 Anguish                  Hex/Necr       0%         N/A       99%         4


Dungeon Overview and Level Annotations

Branches:
Dungeon (2/15)

Altars:

Shops:
D:1 !


Innate Abilities, Weirdness & Mutations

You can wield a second weapon in your off-hand.
It takes a long time for you to wield or remove held weapons.
Your first few attacks do less damage.
You cannot equip rings or amulets.


Message History

You hit the gnoll with your +0 dagger.
The gnoll hits you from afar with a +0 spear.
You take 6 damage, and have 20/29 hp.
MASSIVE DAMAGE!!
The gnoll barely misses you.
There is a stone staircase leading up, spattered with blood here.
The gnoll hits you from afar with a +0 halberd!
* * * LOW HITPOINT WARNING * * *
The gnoll barely misses you.
You climb upwards.
There is a stone staircase leading down here.
You take 11 damage, and have 9/29 hp.
MASSIVE DAMAGE!!
You start resting.
HP restored.
Health restored: 29 You climb downwards.
The gnoll barely misses you. The gnoll closely misses you.
There is a stone staircase leading up, spattered with blood here.
The gnoll hits you from afar with a +0 spear.
The gnoll closely misses you.
You take 3 damage, and have 26/29 hp.
You closely miss the gnoll with your +0 hand axe of chaos.
You closely miss the gnoll with your +0 dagger.
The gnoll misses you. The gnoll hits you with a +0 halberd!
You emit a cloud of colourful smoke!
You take 11 damage, and have 15/29 hp.
MASSIVE DAMAGE!! "Serve the toy, my child!"
The gnoll attacks as it pursues you!
The gnoll hits you from afar with a +0 spear!
* * * LOW HITPOINT WARNING * * *
A shower of butterflies erupts from you!
The gnoll barely misses you.
You take 7 damage, and have 8/29 hp.
MASSIVE DAMAGE!!
Okay, then.
The gnoll hits you from afar with a +0 spear!
* * * LOW HITPOINT WARNING * * *
The gnoll misses you.
Your crimson imp barely misses the gnoll.
You take 7 damage, and have 1/29 hp.
MASSIVE DAMAGE!!
The gnoll attacks as it pursues you!
The gnoll hits you from afar with a +0 halberd.
You die...

#.).........?..># ..#.#
###...............# b....
..........=[..b..b##.##.#
####..##...###..b.bbg.b...
#..........# #.bb.)b..b...
#.##..##...# ###.##b#.##..
#.##....#.## #.##bbg#
#.###.#.#.# #b##.b###..
########.# #)#.#@#
#.b...%b... #...[ß...#
#.#.#§#########bb####.
#.ßß...†.#
#.#.#gg........b.#
#.ß#######
#...<§§§...###..b# #..#
###.b5..##.# #.>.b... #..#
#####b##............ #..#
#.#############. #..# #.#
#ß.# #.#


You could see 2 gnolls and a friendly crimson imp (summoned).

Vanquished Creatures
  An adder (D:2)
  2 gnolls (D:2)
  2 dart slugs
  4 endoplasms (D:1)
  2 giant cockroaches (D:1)
  2 goblins (D:1)
  A hobgoblin (D:1)
  2 ball pythons
  A bat (D:1)
  3 kobolds
  4 rats
24 creatures vanquished.

Notes
Turn   | Place    | Note
-------+----------+-------------------------------------------
     0 | D:1      | ezpacito the Coglin Chaos Knight began the quest for the
                  | Orb.
     0 | D:1      | Reached XP level 1. HP: 18/18 MP: 1/1
   151 | D:1      | Reached skill level 1 in Dodging
   232 | D:1      | Reached XP level 2. HP: 24/24 MP: 2/2
   256 | D:1      | Found Juekh's Distillery.
   684 | D:1      | XOM: cloud trail
   800 | D:2      | Reached XP level 3. HP: 29/29 MP: 3/3
  1044 | D:2      | XOM: smoke on damage
  1045 | D:2      | XOM: summons friendly crimson imp
  1045 | D:2      | XOM: butterfly on damage
  1046 | D:2      | HP: 1/29 [gnoll/+0 spear (7)]
  1047 | D:2      | Slain by a gnoll

Illustrated notes

Levels and vault maps discovered:
D:1:      heliophobic_arrival_henge, layout_basic, serial_shops, shop
D:2:      layout_loops_ring, chequers_decorated_corner

Skill      XL: |  1  2 |
---------------+-------+-----
Dodging        | 1 |  1.5
Armour         | 2 |  2.3
Fighting       | |  3.4
Axes           | |  3.2
Polearms       | |  0.7
Stealth        | |  0.3
Spellcasting   | |  0.3

Action                     || total
---------------------------++-------
  Melee: Hand axe          ||    55
         Dagger            ||    45
    Use: Potion            ||     2
         Scroll            ||     1
   Stab: Paralysed         ||     2
         Sleeping          ||     2
         Confused          ||     1
 Armour: Leather armour    ||    44
  Dodge: Dodged            ||    40

Table legend: (Time is in decaauts)
 A = Elapsed time spent in this place.
 B = Non-inter-level travel time spent in this place.
 C = Inter-level travel time spent in this place.
 D = Time resting spent in this place.
 E = Time spent auto-exploring this place.
 F = Levels seen in this place.
 G = Mean time per level.
                   A        B        C        D        E       F      G
               +--------+--------+--------+--------+--------+-----+--------+
         Total |   1054 |   1006 |     48 |    160 |    637 |   2 |  527.0 |
       Dungeon |   1054 |   1006 |     48 |    160 |    637 |   2 |  527.0 |
               +--------+--------+--------+--------+--------+-----+--------+

Top non-repeatable levels by time:
     D:1: 930 daAuts
     D:2: 123 daAuts
